[Event "106th British-ch Major 2019"]
[Site "Torquay"]
[Date "2019.07.27"]
[Round "1.25"]
[White "Mueller, Jens"]
[Black "Howell, Oliver W"]
[Result "1-0"]
[ECO "A45"]
[WhiteElo "1965"]
[BlackElo "1797"]
[Annotator "NA"]
[PlyCount "105"]
[EventDate "2019.07.27"]
[EventType "swiss"]
[EventCountry "GBR"]
[SourceTitle "playchess.com"]
[Source "ChessBase"]
[SourceQuality "1"]
[TimeControl "40/5400+30:1800+30"]

1. d4 Nf6 2. Bf4 c5 3. e3 Qb6 4. Na3 cxd4 5. exd4 Nc6 6. Nf3 d6 7. Nc4 Qc7 8. c3 g6 9. Bd3 Bg7 10. Qd2 O-O 11. O-O b5 12. Na3 a6 13. Bh6 Bg4 14. Bxg7 Kxg7 15. Ng5 Rab8 16. f3 Bc8 17. Nc2 Na5 18. Ne4 Nxe4 19. fxe4 Nc4 20. Bxc4 bxc4 21. Ne3 Qb7 22. Nxc4 Qxe4 23. Rae1 Qb7 24. b3 Be6 25. Nb2 a5 26. c4 d5 27. c5 Qb4 28. Qf2 Qa3 29. Na4 Qb4 30. Nb6 Rxb6 31. cxb6 Qxb6 32. Qf4 Ra8 33. Qe5+ Kg8 34. h4 h5 35. a3 Qxb3 36. Rf3 Qb7 37. Rc1 Rc8 38. Rfc3 Rxc3 39. Rxc3 Qb1+ 40. Kh2 Qb2 41. Qe3 a4 42. Rc7 Qb6 43. Qc3 Qd6+ 44. Qg3 Qd8 45. Rb7 Kh7 46. Qe5 Kg8 47. Rb8 Bc8 48. Ra8 Qd7 49. Qb8 Kg7 50. Qxc8 Qd6+ 51. g3 g5 52. Qh8+ Kg6 53. Rg8+ 1-0

[Event "106th British-ch Major 2019"]
[Site "Torquay"]
[Date "2019.07.27"]
[Round "1.26"]
[White "Gray, Edward"]
[Black "Rushbrooke, Remy"]
[Result "0-1"]
[ECO "C42"]
[WhiteElo "1757"]
[BlackElo "1963"]
[Annotator "NA"]
[PlyCount "60"]
[EventDate "2019.07.27"]
[EventType "swiss"]
[EventCountry "GBR"]
[SourceTitle "playchess.com"]
[Source "ChessBase"]
[SourceQuality "1"]
[TimeControl "40/5400+30:1800+30"]

1. e4 e5 2. Nf3 Nf6 3. Nxe5 d6 4. Nf3 Nxe4 5. Bd3 Nf6 6. O-O Be7 7. c3 O-O 8. Bc2 d5 9. d4 Bg4 10. h3 Bh5 11. Re1 Nbd7 12. Nbd2 Bd6 13. Nf1 Re8 14. Ne3 c6 15. g4 Bg6 16. Nf5 Bc7 17. N3h4 Ne4 18. Bxe4 dxe4 19. Qc2 e3 20. Nxg6 exf2+ 21. Qxf2 Rxe1+ 22. Qxe1 hxg6 23. Ne3 Nf6 24. Ng2 Qd5 25. Bf4 Re8 26. Qf2 Bxf4 27. Nxf4 Qe4 28. Rf1 g5 29. Nh5 Qd3 30. Nxg7 Re2 0-1

[Event "106th British-ch Major 2019"]
[Site "Torquay"]
[Date "2019.07.27"]
[Round "1.27"]
[White "Ashworth, Michael"]
[Black "Gogia, Armaan"]
[Result "1/2-1/2"]
[ECO "A65"]
[WhiteElo "1957"]
[BlackElo "1754"]
[Annotator "NA"]
[PlyCount "68"]
[EventDate "2019.07.27"]
[EventType "swiss"]
[EventCountry "GBR"]
[SourceTitle "playchess.com"]
[Source "ChessBase"]
[SourceQuality "1"]
[TimeControl "40/5400+30:1800+30"]

1. d4 Nf6 2. c4 g6 3. Nc3 Bg7 4. e4 d6 5. f3 O-O 6. Be3 c5 7. Nge2 Nc6 8. d5 Ne5 9. Ng3 e6 10. Be2 exd5 11. cxd5 a6 12. a4 Re8 13. O-O h5 14. Qd2 Bd7 15. h3 b5 16. axb5 axb5 17. Rxa8 Qxa8 18. Nxb5 Bxb5 19. Bxb5 Rb8 20. Be2 Qa2 21. b4 Qa3 22. bxc5 h4 23. f4 hxg3 24. fxe5 Nxe4 25. Qc1 Qxc1 26. Rxc1 dxc5 27. Bf3 Nf2 28. Bxf2 gxf2+ 29. Kxf2 Bxe5 30. Ke2 Bd4 31. Kd3 Rb3+ 32. Kc4 Rb4+ 33. Kd3 Rb3+ 34. Kc4 Rb4+ 1/2-1/2

[Event "106th British-ch Major 2019"]
[Site "Torquay"]
[Date "2019.07.27"]
[Round "1.28"]
[White "Sanitt, Ethan"]
[Black "Chapman, Matt"]
[Result "1/2-1/2"]
[ECO "A11"]
[WhiteElo "1752"]
[BlackElo "1957"]
[Annotator "NA"]
[PlyCount "100"]
[EventDate "2019.07.27"]
[EventType "swiss"]
[EventCountry "GBR"]
[SourceTitle "playchess.com"]
[Source "ChessBase"]
[SourceQuality "1"]
[TimeControl "40/5400+30:1800+30"]

1. c4 c6 2. g3 d5 3. Nf3 Nf6 4. Bg2 Bf5 5. O-O e6 6. d3 dxc4 7. dxc4 Qxd1 8. Rxd1 Nbd7 9. Nc3 Bc5 10. h3 e5 11. Ng5 Rd8 12. Nge4 Nxe4 13. Nxe4 Bxe4 14. Bxe4 Ke7 15. Bd2 Nf6 16. Bg2 Rd7 17. Bc3 Bd4 18. Bb4+ Kd8 19. Ba3 a5 20. e3 Ba7 21. Bd6 Re8 22. h4 h5 23. c5 Ng4 24. a3 Kc8 25. b4 Red8 26. Rd3 Bb8 27. Rad1 Bxd6 28. cxd6 axb4 29. axb4 f5 30. Bf1 Nf6 31. b5 Ne8 32. bxc6 bxc6 33. Ra3 Rxd6 34. Rxd6 Rxd6 35. Bc4 Nc7 36. Ra5 Nd5 37. Ra7 Rd7 38. Ra8+ Kc7 39. Rf8 g6 40. Kg2 e4 41. Kf1 Kd6 42. Rg8 Ne7 43. Ra8 Kc5 44. Bf7 Kb4 45. Rb8+ Kc3 46. Rb6 Rc7 47. Ke2 Nc8 48. Ra6 Ne7 49. Rb6 Nc8 50. Ra6 Ne7 1/2-1/2

[Event "106th British-ch Major 2019"]
[Site "Torquay"]
[Date "2019.07.27"]
[Round "1.29"]
[White "Gardiner, Eric D"]
[Black "Metcalfe, Charlie P"]
[Result "0-1"]
[ECO "C02"]
[WhiteElo "1957"]
[BlackElo "1739"]
[Annotator "NA"]
[PlyCount "76"]
[EventDate "2019.07.27"]
[EventType "swiss"]
[EventCountry "GBR"]
[SourceTitle "playchess.com"]
[Source "ChessBase"]
[SourceQuality "1"]
[TimeControl "40/5400+30:1800+30"]

1. e4 e6 2. d4 d5 3. e5 c5 4. c3 Nc6 5. Nf3 Qb6 6. Bd3 cxd4 7. cxd4 Bd7 8. O-O Nxd4 9. Nbd2 Rc8 10. Nxd4 Qxd4 11. Nf3 Qb6 12. Qe2 Bc5 13. a3 a5 14. b4 axb4 15. axb4 Bxb4 16. Be3 Bc5 17. Rfb1 Qc7 18. Bxc5 Qxc5 19. Rxb7 Bc6 20. Rbb1 Ne7 21. Rc1 Qb6 22. Rab1 Qa7 23. h4 O-O 24. Bxh7+ Kxh7 25. Ng5+ Kg6 26. Qd3+ f5 27. exf6+ Kxf6 28. Qf3+ Kg6 29. Qd3+ Rf5 30. g4 Qxf2+ 31. Kh1 Qxh4+ 32. Nh3 d4+ 33. Rxc6 Nxc6 34. gxf5+ exf5 35. Rg1+ Kf6 36. Rf1 Qh5 37. Kg2 Re8 38. Qb5 Qe2+ {[%emt 0:00:00] Qc4 Qd3 Qxd3 Re2+} 0-1

[Event "106th British-ch Major 2019"]
[Site "Torquay"]
[Date "2019.07.27"]
[Round "1.30"]
[White "Rushbrooke, Tibo"]
[Black "Brown, Tom"]
[Result "0-1"]
[ECO "B17"]
[WhiteElo "1700"]
[BlackElo "1953"]
[Annotator "NA"]
[PlyCount "62"]
[EventDate "2019.07.27"]
[EventType "swiss"]
[EventCountry "GBR"]
[SourceTitle "playchess.com"]
[Source "ChessBase"]
[SourceQuality "1"]
[TimeControl "40/5400+30:1800+30"]

1. e4 c6 2. d4 d5 3. Nc3 dxe4 4. Nxe4 Nd7 5. Ng5 Ngf6 6. Bc4 e6 7. Qe2 Nb6 8. Bd3 h6 9. N5f3 c5 10. dxc5 Bxc5 11. Ne5 Qc7 12. Ngf3 a6 13. O-O O-O 14. h3 Nbd7 15. Ng4 Bd6 16. Nxf6+ Nxf6 17. b3 Nd5 18. Qe4 f5 19. Qd4 Bc5 20. Qh4 Be7 21. Qh5 Bf6 22. c3 Bd7 23. Nd4 Qxc3 24. Ba3 Qxd4 25. Bxf8 Rxf8 26. Rad1 Nf4 27. Qf3 Bc6 28. Qg3 Bh4 29. Qe3 Qxe3 30. fxe3 Nxd3 31. Rxd3 Bb5 0-1

[Event "106th British-ch Major 2019"]
[Site "Torquay"]
[Date "2019.07.27"]
[Round "1.31"]
[White "Fathallah, Joe"]
[Black "Sheikh, Anum"]
[Result "1/2-1/2"]
[ECO "A01"]
[WhiteElo "1952"]
[BlackElo "1693"]
[Annotator "NA RC"]
[PlyCount "217"]
[EventDate "2019.07.27"]
[EventType "swiss"]
[EventCountry "GBR"]
[SourceTitle "playchess.com"]
[Source "ChessBase"]
[SourceQuality "1"]
[TimeControl "40/5400+30:1800+30"]

1. b3 Nf6 2. Bb2 d6 3. e3 e5 4. c4 Be7 5. Nf3 O-O 6. Be2 c5 7. d3 Nc6 8. Nc3 h6 9. O-O Be6 10. d4 exd4 11. exd4 d5 12. cxd5 Nxd5 13. Ne4 cxd4 14. Nxd4 Nxd4 15. Qxd4 Nf6 16. Qe5 Qd5 17. Bf3 Qxe5 18. Bxe5 Nd5 19. Rfd1 Rfd8 20. Ng3 Rac8 21. Rac1 Rxc1 22. Rxc1 Ba3 23. Rd1 Be7 24. Ne2 Nb4 25. Rxd8+ Bxd8 26. Bxb7 Nxa2 27. Nd4 Nc1 28. Nxe6 fxe6 29. b4 Nd3 30. Bd4 Nxb4 31. Bxa7 Kf7 32. Kf1 Bf6 33. Ke2 Nd5 34. Kd3 Ke7 35. Bc5+ Kd7 36. g3 Kc7 37. Bxd5 exd5 38. Bd4 Bxd4 39. Kxd4 Kd6 40. f4 g6 41. g4 Ke6 42. Kc5 g5 43. f5+ Ke5 44. Kb4 h5 45. h3 hxg4 46. hxg4 Kd6 47. Kc3 Kc5 48. Kb3 d4 49. Ka3 Kc6 50. Ka4 Kc5 51. Kb3 Kd5 52. Kb4 Ke4 53. f6 d3 54. f7 d2 55. f8=Q d1=Q 56. Qf5+ Ke3 57. Qxg5+ Kf2 58. Qf4+ Kg2 59. g5 Qb1+ 60. Kc5 Kh1 61. Qf6 Qa2 62. Kd6 Qa6+ 63. Ke7 Qb7+ 64. Kf8 Qc8+ 65. Kg7 Qd7+ 66. Kh8 Qe8+ 67. Kh7 Qd7+ 68. Qg7 Qf5+ 69. g6 Qc8 70. Qh6+ Kg1 71. g7 Qd7 72. Qg6+ Kh1 73. Kh8 Qd4 74. Qf7 Qh4+ 75. Kg8 Qd8+ 76. Kh7 Qh4+ 77. Kg6 Qg3+ 78. Kf6 Qf4+ 79. Ke7 Qc7+ 80. Kf8 Qd8+ 81. Qe8 Qd6+ 82. Kf7 Qf4+ 83. Kg8 Qc4+ 84. Kf8 Qf4+ 85. Qf7 Qb8+ 86. Ke7 Qc7+ 87. Kf6 Qf4+ 88. Kg6 Qg3+ 89. Kh6 Qe3+ 90. Kh7 Qh3+ 91. Kg8 Qc8+ 92. Qf8 Qc4+ 93. Kh7 Qh4+ 94. Kg6 Qg3+ 95. Kf6 Qf4+ 96. Ke6 Qe4+ 97. Kd6 Qd4+ 98. Kc6 Qe4+ 99. Kb6 Qe6+ 100. Kc7 Qc4+ 101. Kd8 Qd4+ 102. Ke8 Qa4+ 103. Ke7 Qe4+ 104. Kd7 Qa4+ 105. Kc7 Qc4+ 106. Kb6 Qd4+ 107. Kb5 Qb2+ 108. Ka4 Qa1+ 109. Kb3 1/2-1/2

[Event "106th British-ch Major 2019"]
[Site "Torquay"]
[Date "2019.07.27"]
[Round "1.32"]
[White "Pattni, Kishan"]
[Black "Barton, R Alan"]
[Result "0-1"]
[ECO "A85"]
[WhiteElo "1608"]
[BlackElo "1941"]
[Annotator "NA"]
[PlyCount "42"]
[EventDate "2019.07.27"]
[EventType "swiss"]
[EventCountry "GBR"]
[SourceTitle "playchess.com"]
[Source "ChessBase"]
[SourceQuality "1"]
[TimeControl "40/5400+30:1800+30"]

1. d4 e6 2. c4 f5 3. Nc3 Nf6 4. Bg5 Be7 5. Qc2 b6 6. O-O-O Bb7 7. f3 O-O 8. e4 fxe4 9. fxe4 Ng4 10. Bxe7 Qxe7 11. Nf3 Ne3 12. Qb1 Nxd1 13. Kxd1 d6 14. h4 e5 15. d5 Nd7 16. Be2 Nf6 17. Ng5 Bc8 18. Kd2 h6 19. Qd1 hxg5 20. hxg5 Ng4 21. Rh5 g6 0-1

[Event "106th British-ch Major 2019"]
[Site "Torquay"]
[Date "2019.07.27"]
[Round "1.33"]
[White "Cowan, Richard M"]
[Black "Renshaw, Lucas"]
[Result "0-1"]
[ECO "A30"]
[WhiteElo "1931"]
[BlackElo "1596"]
[Annotator "NA RC"]
[PlyCount "178"]
[EventDate "2019.07.27"]
[EventType "swiss"]
[EventCountry "GBR"]
[SourceTitle "playchess.com"]
[Source "ChessBase"]
[SourceQuality "1"]
[TimeControl "40/5400+30:1800+30"]

1. Nf3 Nf6 2. c4 e6 3. g3 d5 4. Bg2 c5 5. O-O Nc6 6. e3 Bd6 7. b3 d4 8. exd4 cxd4 9. Bb2 e5 10. d3 Bf5 11. Re1 O-O 12. c5 Bc7 13. Na3 Be6 14. Rc1 Nd7 15. Nb5 Bd5 16. Nxc7 Qxc7 17. Nxe5 Bxb3 18. Qxb3 Ndxe5 19. h3 Rfd8 20. f4 Ng6 21. Qd1 Nb4 22. Qb3 Nc6 23. a3 Nge7 24. Rc2 Nf5 25. Kh2 Re8 26. Be4 Re7 27. Bc1 Rae8 28. Rce2 Kf8 29. Qd5 g6 30. g4 Ne3 31. Bxe3 dxe3 32. Kg2 Qxf4 33. Rf1 Qe5 34. Qxe5 Rxe5 35. Rxe3 Rxc5 36. Ref3 Re7 37. Rf6 Kg7 38. Kg3 Rc3 39. Kg2 Rxa3 40. Bd5 Nd8 41. Rd6 Ne6 42. Bc4 a6 43. Rb6 Nc5 44. d4 Ne4 45. Bd5 Ng5 46. h4 Re2+ 47. Rf2 Rxf2+ 48. Kxf2 Nh3+ 49. Ke1 Nf4 50. Bxb7 a5 51. d5 Rd3 52. d6 a4 53. Bc8 a3 54. d7 Kf8 55. Rb3 Ke7 56. Rb4 a2 57. Ra4 Rh3 58. Rxa2 Rh1+ 59. Kf2 Rh2+ 60. Kg3 Rxa2 61. Kxf4 Ra5 62. Kf3 h6 63. Kf4 f6 64. Kf3 Ra4 65. Kg3 Kd8 66. Kf3 g5 67. hxg5 hxg5 68. Kg3 Ra3+ 69. Kf2 Rd3 70. Kg2 Ke7 71. Kf2 Kf7 72. Ke2 Rd6 73. Ke3 Ke7 74. Ke4 Rb6 75. Kf5 Rb5+ 76. Kg6 Rd5 77. Kg7 Rd6 78. Kg6 Kd8 79. Kf5 Rd4 80. Kxf6 Rxg4 81. Kf5 Rg1 82. Ke4 Rf1 83. Ba6 Rf4+ 84. Ke5 Kxd7 85. Bb7 Ke7 86. Bc6 Rf8 87. Bb7 g4 88. Ke4 g3 89. Ke3 Rf2 0-1

[Event "106th British-ch Major 2019"]
[Site "Torquay"]
[Date "2019.07.27"]
[Round "1.34"]
[White "Robertson, Jim"]
[Black "Hosdurga, Chirag"]
[Result "1-0"]
[ECO "A45"]
[WhiteElo "1580"]
[BlackElo "1926"]
[Annotator "NA"]
[PlyCount "93"]
[EventDate "2019.07.27"]
[EventType "swiss"]
[EventCountry "GBR"]
[SourceTitle "playchess.com"]
[Source "ChessBase"]
[SourceQuality "1"]
[TimeControl "40/5400+30:1800+30"]

1. d4 Nf6 2. e3 c5 3. f4 d5 4. c3 Bf5 5. Bd3 Bxd3 6. Qxd3 Qc8 7. Nf3 e6 8. O-O Be7 9. Nbd2 O-O 10. b3 Nc6 11. Bb2 Rd8 12. Ne5 Rb8 13. a4 Ne8 14. dxc5 Bxc5 15. b4 Bf8 16. a5 Nf6 17. Qe2 Qc7 18. Ng4 Be7 19. Nb3 a6 20. Nd4 Ne4 21. f5 e5 22. Nxc6 bxc6 23. Qxa6 h5 24. f6 Bd6 25. Nf2 Nxf6 26. Qe2 e4 27. h3 Be5 28. g4 h4 29. g5 Nh7 30. Qg4 f6 31. gxf6 Bxf6 32. Nh1 Ng5 33. Rxf6 gxf6 34. c4 Kf7 35. Rf1 Nf3+ 36. Rxf3 exf3 37. Qh5+ Kg8 38. Bxf6 Rd7 39. Qh8+ Kf7 40. Qxh4 Rg8+ 41. Bg5 Qe5 42. Qh5+ Rg6 43. Qxf3+ Kg7 44. h4 Rf7 45. Qh3 dxc4 46. Ng3 Qxe3+ 47. Bxe3 1-0

[Event "106th British-ch Major 2019"]
[Site "Torquay"]
[Date "2019.07.27"]
[Round "1.35"]
[White "Rogacewicz, Mikolaj"]
[Black "Hussain, Adam"]
[Result "1-0"]
[ECO "E60"]
[WhiteElo "1925"]
[BlackElo "1515"]
[Annotator "NA"]
[PlyCount "53"]
[EventDate "2019.07.27"]
[EventType "swiss"]
[EventCountry "GBR"]
[SourceTitle "playchess.com"]
[Source "ChessBase"]
[SourceQuality "1"]
[TimeControl "40/5400+30:1800+30"]

1. d4 Nf6 2. c4 c5 3. d5 b5 4. cxb5 a6 5. bxa6 g6 6. Nc3 Bg7 7. Nf3 O-O 8. g3 d6 9. Bg2 Nxa6 10. O-O Qc7 11. h3 Bb7 12. Nd2 Rfb8 13. Nc4 Nd7 14. Bg5 Nb6 15. Nb5 Qd8 16. Nbxd6 Nxc4 17. Nxc4 Nb4 18. d6 Bxg2 19. Bxe7 Bxf1 20. Bxd8 Bxe2 21. Qxe2 Rxd8 22. d7 Nxa2 23. Rxa2 Rxa2 24. Qe8+ Rxe8 25. dxe8=Q+ Bf8 26. Ne5 Ra7 27. Nd7 1-0

[Event "106th British-ch Major 2019"]
[Site "Torquay"]
[Date "2019.07.28"]
[Round "2.1"]
[White "Rushbrooke, Remy"]
[Black "Clarke, Brandon Gi"]
[Result "0-1"]
[ECO "E69"]
[WhiteElo "1963"]
[BlackElo "2433"]
[Annotator "NA"]
[PlyCount "64"]
[EventDate "2019.07.27"]
[EventType "swiss"]
[EventCountry "GBR"]
[SourceTitle "playchess.com"]
[Source "ChessBase"]
[SourceQuality "1"]
[TimeControl "40/5400+30:1800+30"]

1. d4 Nf6 2. Nf3 g6 3. g3 Bg7 4. Bg2 O-O 5. c4 d6 6. Nc3 Nbd7 7. O-O e5 8. e4 c6 9. h3 Qb6 10. c5 dxc5 11. dxe5 Ne8 12. Na4 Qc7 13. e6 fxe6 14. Ng5 Qe5 15. Qb3 b5 16. Nc3 c4 17. Qc2 Nb6 18. Be3 Qc7 19. Bc5 Rf6 20. b4 cxb3 21. axb3 e5 22. h4 h6 23. Nf3 Rf7 24. Qd2 Be6 25. Be3 Rd8 26. Qc1 Kh7 27. h5 gxh5 28. Nh4 Nf6 29. Nf5 Ng4 30. Bh3 Bxf5 31. exf5 e4 32. Bxg4 hxg4 0-1

[Event "106th British-ch Major 2019"]
[Site "Torquay"]
[Date "2019.07.28"]
[Round "2.2"]
[White "Brown, Tom"]
[Black "Taylor, Adam A"]
[Result "1/2-1/2"]
[ECO "E55"]
[WhiteElo "1953"]
[BlackElo "2168"]
[Annotator "NA"]
[PlyCount "63"]
[EventDate "2019.07.27"]
[EventType "swiss"]
[EventCountry "GBR"]
[SourceTitle "playchess.com"]
[Source "ChessBase"]
[SourceQuality "1"]
[TimeControl "40/5400+30:1800+30"]

1. d4 Nf6 2. c4 e6 3. Nc3 Bb4 4. e3 d5 5. Nf3 O-O 6. Bd3 c5 7. O-O dxc4 8. Bxc4 Nbd7 9. a3 Bxc3 10. bxc3 b6 11. a4 Bb7 12. Ba3 Qc7 13. Rc1 Rad8 14. Qe2 e5 15. Rfd1 e4 16. Nd2 Rfe8 17. Nb3 Bc6 18. a5 Ba4 19. Bxf7+ Kxf7 20. Qc4+ Kg6 21. Qxa4 c4 22. Nd2 Rc8 23. axb6 axb6 24. Qc2 Ra8 25. Ra1 Qc6 26. Bb4 Kf7 27. Ra2 Rxa2 28. Qxa2 b5 29. Ra1 Nd5 30. Qb2 Kg8 31. h3 N7b6 32. Ra3 1/2-1/2

[Event "106th British-ch Major 2019"]
[Site "Torquay"]
[Date "2019.07.28"]
[Round "2.3"]
[White "Graham, David B"]
[Black "Cleary, Mark"]
[Result "1-0"]
[ECO "C55"]
[WhiteElo "2162"]
[BlackElo "2023"]
[Annotator "NA"]
[PlyCount "69"]
[EventDate "2019.07.27"]
[EventType "swiss"]
[EventCountry "GBR"]
[SourceTitle "playchess.com"]
[Source "ChessBase"]
[SourceQuality "1"]
[TimeControl "40/5400+30:1800+30"]

1. e4 e5 2. Nf3 Nc6 3. Bc4 Nf6 4. d3 Be7 5. O-O O-O 6. Re1 d6 7. a4 Na5 8. Ba2 c5 9. c3 Nc6 10. Na3 Bg4 11. Nc4 Ne8 12. Ne3 Bxf3 13. Qxf3 Bg5 14. Nf5 Bxc1 15. Raxc1 Qf6 16. Qh3 Nc7 17. Ne3 Ne6 18. Nd5 Qg5 19. Rcd1 Kh8 20. Qf5 h6 21. Re3 Nf4 22. Qxg5 hxg5 23. Nc7 Rad8 24. g3 Ng6 25. Rf3 Rd7 26. Nd5 Kh7 27. Kg2 g4 28. Rf5 Kh6 29. Rh1 Nge7 30. Nxe7 Rxe7 31. h3 gxh3+ 32. Rxh3+ Kg6 33. f4 f6 34. Rfh5 f5 35. Rg5+ 1-0

[Event "106th British-ch Major 2019"]
[Site "Torquay"]
[Date "2019.07.28"]
[Round "2.4"]
[White "Barton, R Alan"]
[Black "Ethelontis, Alexandros N"]
[Result "1/2-1/2"]
[ECO "A13"]
[WhiteElo "1941"]
[BlackElo "2154"]
[Annotator "NA"]
[PlyCount "56"]
[EventDate "2019.07.27"]
[EventType "swiss"]
[EventCountry "GBR"]
[SourceTitle "playchess.com"]
[Source "ChessBase"]
[SourceQuality "1"]
[TimeControl "40/5400+30:1800+30"]

1. Nf3 Nf6 2. c4 e6 3. b3 d5 4. Bb2 a5 5. e3 c6 6. Nc3 Nbd7 7. d4 Bb4 8. a3 Bxc3+ 9. Bxc3 Ne4 10. Qc2 O-O 11. Bd3 f5 12. h4 Ndf6 13. Ne5 Nd7 14. Nf3 Ndf6 15. Ne5 Bd7 16. c5 Be8 17. f3 Ng3 18. Rh3 Nfh5 19. O-O-O g5 20. hxg5 Qxg5 21. f4 Qg7 22. Be1 Kh8 23. Qf2 Rg8 24. Nf3 Qe7 25. Ng5 h6 26. Nf3 Kh7 27. Ne5 Qg7 28. Qf3 Ra7 1/2-1/2

[Event "106th British-ch Major 2019"]
[Site "Torquay"]
[Date "2019.07.28"]
[Round "2.6"]
[White "Modi, Kishan Jagdish"]
[Black "Unnikrishnan, Midhun P"]
[Result "*"]
[ECO "C56"]
[WhiteElo "1923"]
[BlackElo "2142"]
[Annotator "NA"]
[PlyCount "41"]
[EventDate "2019.07.27"]
[EventType "swiss"]
[EventCountry "GBR"]
[SourceTitle "playchess.com"]
[Source "ChessBase"]
[SourceQuality "1"]
[TimeControl "40/5400+30:1800+30"]

1. e4 e5 2. Nf3 Nc6 3. d4 exd4 4. Bc4 Nf6 5. e5 d5 6. Bb5 Ne4 7. Nxd4 Bd7 8. Bxc6 bxc6 9. O-O Bc5 10. f3 Ng5 11. f4 Ne4 12. Be3 Bb6 13. c3 c5 14. Nc2 Bf5 15. Nd2 Nxd2 16. Qxd2 O-O 17. Rfd1 f6 18. Ne1 fxe5 19. Qxd5+ Qxd5 20. Rxd5 exf4 21. Bf2 *

[Event "106th British-ch Major 2019"]
[Site "Torquay"]
[Date "2019.07.28"]
[Round "2.8"]
[White "Metcalfe, Charlie P"]
[Black "Pollack, Oscar"]
[Result "0-1"]
[ECO "A57"]
[WhiteElo "1739"]
[BlackElo "2088"]
[Annotator "NA"]
[PlyCount "120"]
[EventDate "2019.07.27"]
[EventType "swiss"]
[EventCountry "GBR"]
[SourceTitle "playchess.com"]
[Source "ChessBase"]
[SourceQuality "1"]
[TimeControl "40/5400+30:1800+30"]

1. d4 Nf6 2. Nf3 c5 3. d5 b5 4. c4 Bb7 5. a4 Qa5+ 6. Bd2 b4 7. Qc2 d6 8. b3 Nbd7 9. e4 g6 10. Bc1 Bg7 11. Bb2 Qc7 12. Bd3 a5 13. Nbd2 O-O-O 14. O-O-O e5 15. g3 Ng4 16. Rhf1 Rdf8 17. h3 Nh6 18. Nh4 Kb8 19. Rde1 Bc8 20. f4 Qd8 21. Nhf3 f6 22. Kb1 Rhg8 23. Nh4 exf4 24. gxf4 f5 25. Ng2 Bxb2 26. Qxb2 fxe4 27. Nxe4 Nf6 28. Ng5 Nf5 29. Ne3 Nd4 30. Nc2 Nxc2 31. Bxc2 Nh5 32. Qc1 Nxf4 33. Nxh7 Rf7 34. Rxf4 Rxh7 35. Rf3 Rxh3 36. Rxh3 Bxh3 37. Qh6 Bf5 38. Bxf5 gxf5 39. Re6 Rg1+ 40. Kb2 Qg8 41. Re2 Rg6 42. Qh4 Rg2 43. Rxg2 Qxg2+ 44. Kb1 Qf1+ 45. Kb2 Qe2+ 46. Kb1 Qd3+ 47. Ka2 Qc2+ 48. Ka1 Qc1+ 49. Ka2 Qa3+ 50. Kb1 Qxb3+ 51. Kc1 Qe3+ 52. Kb2 Qd4+ 53. Qxd4 cxd4 54. c5 dxc5 55. d6 Kc8 56. d7+ Kxd7 57. Kc2 c4 58. Kd2 b3 59. Kc1 c3 60. Kb1 f4 0-1

[Event "106th British-ch Major 2019"]
[Site "Torquay"]
[Date "2019.07.28"]
[Round "2.9"]
[White "Renshaw, Lucas"]
[Black "Sugden, John N"]
[Result "0-1"]
[ECO "C11"]
[WhiteElo "1596"]
[BlackElo "2068"]
[Annotator "NA RC"]
[PlyCount "90"]
[EventDate "2019.07.27"]
[EventType "swiss"]
[EventCountry "GBR"]
[SourceTitle "playchess.com"]
[Source "ChessBase"]
[SourceQuality "1"]
[TimeControl "40/5400+30:1800+30"]

1. e4 c6 2. d4 d5 3. f3 e6 4. Nc3 Nf6 5. e5 Nfd7 6. f4 c5 7. Nf3 Nc6 8. Be3 cxd4 9. Nxd4 Bc5 10. Qd2 a6 11. Be2 Nxd4 12. Bxd4 Bxd4 13. Qxd4 Qb6 14. Qxb6 Nxb6 15. a4 Bd7 16. a5 Nc8 17. Bd3 Ne7 18. Kf2 Rc8 19. Ne2 O-O 20. Ke3 Nc6 21. Nd4 f6 22. Nxc6 Bxc6 23. Rhf1 fxe5 24. fxe5 d4+ 25. Kxd4 Rfd8+ 26. Ke3 Bxg2 27. Rf2 Bd5 28. Rf4 Rc5 29. b4 Rc7 30. Raf1 Re7 31. c4 Bc6 32. R1f2 Red7 33. Bf1 Rd1 34. b5 axb5 35. cxb5 Re1+ 36. Re2 Rxf1 37. Rxf1 Bxb5 38. Rb1 Bxe2 39. Kxe2 Rd5 40. Rxb7 Rxe5+ 41. Kf3 Rxa5 42. Kf4 Rf5+ 43. Kg4 h5+ 44. Kg3 Kh7 45. Kh4 Kg6 0-1

[Event "106th British-ch Major 2019"]
[Site "Torquay"]
[Date "2019.07.28"]
[Round "2.10"]
[White "Taylor, William J"]
[Black "Cocks, Elliot"]
[Result "1/2-1/2"]
[ECO "B32"]
[WhiteElo "2062"]
[BlackElo "1907"]
[Annotator "NA RC"]
[PlyCount "99"]
[EventDate "2019.07.27"]
[EventType "swiss"]
[EventCountry "GBR"]
[SourceTitle "playchess.com"]
[Source "ChessBase"]
[SourceQuality "1"]
[TimeControl "40/5400+30:1800+30"]

1. e4 c5 2. Nf3 Nc6 3. d4 cxd4 4. Nxd4 e5 5. Nb5 d6 6. c4 Be7 7. N5c3 f5 8. Bd3 f4 9. Nd5 Nf6 10. Nxe7 Qxe7 11. Nc3 O-O 12. f3 Nd4 13. Ne2 Ne6 14. Bd2 Bd7 15. Bb4 a5 16. Ba3 Rac8 17. Qd2 Nc5 18. Nc3 Be6 19. Be2 b6 20. O-O-O Rfd8 21. Kb1 Qf7 22. Nd5 Nxd5 23. cxd5 Bd7 24. Rc1 a4 25. Rc2 Qe7 26. Qb4 Rb8 27. Bb5 Qe8 28. Bxd7 Qxd7 29. Qd2 Rf8 30. Rhc1 Rb7 31. Rc4 Rfb8 32. R4c2 Ra8 33. Qe2 Kf7 34. Rd1 g5 35. g3 Rg8 36. Qf2 Qe7 37. Qg2 Qd7 38. g4 Rg6 39. Qh3 Kg7 40. Rh1 Rh6 41. Qg2 Qb5 42. h4 Rxh4 43. Rxh4 gxh4 44. Qh3 Qd3 45. Qxh4 Nb3 46. Qg5+ Kh8 47. Qf6+ Rg7 48. Qf8+ Rg8 49. Qf6+ Rg7 50. Qf8+ 1/2-1/2

[Event "106th British-ch Major 2019"]
[Site "Torquay"]
[Date "2019.07.28"]
[Round "2.11"]
[White "Liu, Jack"]
[Black "Hagesaether, Arne"]
[Result "0-1"]
[ECO "B12"]
[WhiteElo "1259"]
[BlackElo "2046"]
[Annotator "NA RC"]
[PlyCount "128"]
[EventDate "2019.07.27"]
[EventType "swiss"]
[EventCountry "GBR"]
[SourceTitle "playchess.com"]
[Source "ChessBase"]
[SourceQuality "1"]
[TimeControl "40/5400+30:1800+30"]

1. e4 c6 2. d4 d5 3. e5 Bf5 4. Nd2 e6 5. Nb3 Nd7 6. Nf3 h6 7. Be2 Ne7 8. O-O Nc8 9. c3 Be7 10. Bf4 a6 11. a4 Na7 12. Re1 Rc8 13. h3 c5 14. dxc5 Nxc5 15. Nxc5 Bxc5 16. Nd4 Be4 17. Bf3 Bxf3 18. Nxf3 O-O 19. Qd2 Re8 20. Nh2 h5 21. Bg5 Be7 22. Bxe7 Qxe7 23. Qe2 Qg5 24. Nf3 Qh6 25. Qe3 Qxe3 26. Rxe3 Rc7 27. Nd2 Nc6 28. Kf1 f6 29. exf6 gxf6 30. Rae1 Kf7 31. f4 b5 32. axb5 axb5 33. Nb3 b4 34. g3 Rce7 35. Nd4 Nxd4 36. cxd4 Rc7 37. f5 Rc4 38. fxe6+ Ke7 39. Rd1 Rec8 40. Red3 Kxe6 41. Kf2 Kd6 42. Kf3 Re8 43. Kf4 Rc2 44. R1d2 Re2 45. Rxe2 Rxe2 46. Rb3 Re4+ 47. Kf5 Rxd4 48. Kxf6 Kc5 49. Kg5 Kc4 50. Rf3 Rd3 51. Rf4+ d4 52. Kxh5 Rxg3 53. Kh4 Rg2 54. b3+ Kc3 55. Rf3+ d3 56. Kh5 Kc2 57. h4 d2 58. Rf1 d1=Q+ 59. Rxd1 Kxd1 60. Kh6 Kc2 61. h5 Kxb3 62. Kh7 Kc2 63. h6 b3 64. Kh8 Rh2 0-1

[Event "106th British-ch Major 2019"]
[Site "Torquay"]
[Date "2019.07.28"]
[Round "2.12"]
[White "Payne, Matthew J"]
[Black "Robertson, Jim"]
[Result "1-0"]
[ECO "B12"]
[WhiteElo "2168"]
[BlackElo "1580"]
[Annotator "NA"]
[PlyCount "39"]
[EventDate "2019.07.27"]
[EventType "swiss"]
[EventCountry "GBR"]
[SourceTitle "playchess.com"]
[Source "ChessBase"]
[SourceQuality "1"]
[TimeControl "40/5400+30:1800+30"]

1. e4 c6 2. d4 d5 3. e5 c5 4. dxc5 e6 5. a3 a5 6. Be3 Qc7 7. Nc3 Bd7 8. b4 Qxe5 9. Nge2 Qc7 10. Nd4 b6 11. Ncb5 Qb7 12. cxb6 Na6 13. Nb3 axb4 14. Na5 Qb8 15. b7 Ra7 16. Nxa7 bxa3 17. c3 Qc7 18. Bxa6 Qxc3+ 19. Bd2 Qe5+ 20. Be2 1-0